 Dungeon Crawl Stone Soup version 0.26-a0-651-gb41185065b (webtiles) character file.

Game seed: 5883177045365335847

(classic levelgen) 1159 EnegeticOcto the Chopper (level 8, 72/73 HPs)
             Began as a Deep Dwarf Fighter on Oct 30, 2020.
             Quit the game on level 4 of the Dungeon.
             The game lasted 00:01:58 (2247 turns).

EnegeticOcto the Chopper (Deep Dwarf Fighter)       Turns: 2247, Time: 00:01:59

Health: 72/73      AC:  7    Str: 21    XL:     8   Next: 16%
Magic:  8/8        EV:  7    Int:  8    God:
Gold:   251        SH: 11    Dex: 12    Spells: 7/7 levels left

rFire    . . .     SeeInvis .   i - +2 hand axe (drain)
rCold    + . .     Faith    .   c - +1 kite shield
rNeg     . . .     Spirit   .   b - +0 scale mail
rPois    .         Reflect  .   (no helmet)
rElec    .         Harm     .   (no cloak)
rCorr    .         Rampage  .   (no gloves)
MR       ++...                  (no boots)
Stlth    ..........             (no amulet)
HPRegen  0.00/turn              (no ring)
MPRegen  0.11/turn              (no ring)

@: non-regenerating
A: damage resistance, heal wounds, cold resistance 1, magic resistance 1, sense
surroundings 1, weak 1, no regeneration
a: Heal Wounds


You were on level 4 of the Dungeon.
You visited 2 branches of the dungeon, and saw 6 of its levels.

You collected 251 gold pieces.

Inventory:

Hand Weapons
 a - a +0 war axe
 i - a +2 hand axe of draining (weapon)
Armour
 b - a +0 scale mail (worn)
 c - a +1 kite shield (worn)
Wands
 l - a wand of disintegration (15)
Scrolls
 e - 2 scrolls of teleportation {@r3}
 g - a scroll of remove curse {@r2}
Potions
 d - a potion of might {@q3}
 f - a potion of degeneration


   Skills:
 + Level 4.7 Fighting
 * Level 7.1 Axes
 + Level 5.7 Armour
 + Level 5.7 Shields


You had 7 spell levels left.
You didn't know any spells.
Your spell library was empty.

Dungeon Overview and Level Annotations

Branches:
Dungeon (5/15)             Temple (1/1) D:5

Altars:
Ashenzari
Dithmenos
Elyvilon
Fedhas
Gozag
Kikubaaqudgha
Makhleb
Nemelex Xobeh
Okawaru
Qazlal
Ru
Sif Muna
Trog
Wu Jian
Xom
The Shining One

Annotations:
D:5 3 runed translucent doors, Lanoc's ghost, weakling DEDe


Innate Abilities, Weirdness & Mutations

You are resistant to damage.
You can heal yourself by infusing magical energy.
You passively map a small area around you.
You do not regenerate.
Your flesh is cold resistant. (rC+)
You are resistant to hostile enchantments. (MR+)
You are weak. (Str -2)


Message History

Your Axes skill increases to level 7!
You feel a bit more experienced.
Things that are here:
a +0 dagger; a +0 robe
Things that are here:
a +0 dagger; a +0 robe
l - a wand of disintegration (15)
Things that are here:
a +0 dagger; a +0 chain mail; a dart slug corpse
Things that are here:
a +0 mace; an orc corpse You now have 251 gold pieces (gained 13).
Things that are here:
a +0 dagger; a +0 ring mail
m - a blue potion
Things that are here:
a +0 dagger; a +0 robe You fail to use your ability.
Things that are here:
a +0 dagger; a +0 chain mail; a dart slug corpse
Things that are here:
a +0 mace; an orc corpse
Found a leather armour.
An orc comes into view.
The orc shouts!
An orc is nearby!
An orc is nearby!
An orc is nearby!
An orc is nearby!
You closely miss the orc. The orc hits you but does no damage.
You hit the orc.
The orc is heavily wounded.
The orc hits you but does no damage.
You hit the orc.
You kill the orc!
No target in view!
No target in view!
No target in view!
No target in view!
No target in view!
No target in view!
No target in view!
No target in view!
You see here an orc corpse.
You see here 26 stones.
Found a stone staircase leading up.
Lanoc's ghost turns its malevolent gaze towards you.
Found 23 stones.
Lanoc's ghost shouts, "You must not succeed where I failed!"
Things that are here:
8 arrows; a +0 shortbow You see here an arrow.
There is a stone staircase leading down here.
You see here an orc corpse.
A scorpion comes into view.
A scorpion is nearby!
A scorpion is nearby!
The scorpion closely misses you.
You slash the scorpion!
The scorpion is severely wounded.
The scorpion barely misses you.
You hit the scorpion. You drain the scorpion.
You kill the scorpion!
No target in view!
No target in view!
No target in view!
No target in view!
No target in view!
No target in view!
No target in view!
No target in view!
No target in view!
You see here a scorpion corpse.
Partly explored, can't reach some items.
Partly explored, can't reach some items.
Partly explored, can't reach some items.
Partly explored, can't reach some items.
Partly explored, can't reach some items.
Partly explored, can't reach some items.
Partly explored, can't reach some items.
Partly explored, can't reach some items.
Partly explored, can't reach some items.
Partly explored, can't reach some items.
As you read the scroll labeled IKLYNU LENNISAETU, it crumbles to dust.
It is a scroll of enchant armour.
Your +0 kite shield glows green for a moment.
Okay, then.
Okay, then.
There is a stone staircase leading up here.
You climb upwards.
There is a stone staircase leading down here.
You see here a +0 giant club.
Items here: ( )) [.
It was a potion of haste.
You feel yourself speed up.
It was a potion of heal wounds.
You feel much better.
It was a potion of cancellation.
Your magical effects are unravelling.
You feel magically purged.
You feel yourself slow down.
Are you sure you want to abandon this character and quit the game? (Confirm with "yes".)

##.....≈≈≈≈≈...##.....###.#
#....≈≈≈≈≈≈≈≈≈..##...## #.#
#...≈≈≈≈≈≈≈≈≈≈≈..##.## #.#
#.†≈≈≈≈≈≈≈≈≈≈≈≈≈.#### ##.####
#..≈≈≈≈≈≈_≈≈≈≈≈≈.# #......
#..≈≈≈≈≈≈≈≈≈≈≈≈≈.#######..####
#...≈≈≈≈≈≈≈≈≈≈≈...)....)..>.#
#.#.≈≈≈≈≈≈≈≈≈.....).####..#.#
#.#...≈≈≈≈≈..@....([# #..#.#
#.###...............## #..#.#
#.#####.#####........###..#.#
#.......# #........##...#.##
#######.# #.......>##..##...
#.# #........##..##### #.#
########.##..## #.#########
#(##...##
#.........####.#...#.###


There were no monsters in sight!

Vanquished Creatures
  Grinder (D:5)
  An ice beast (D:5)
  2 centaurs (D:5)
  An ogre (D:4)
  3 scorpions
  A hound (D:5)
  2 orc priests
  4 orc wizards
  A centaur skeleton (D:4)
  Ijyb (D:4)
  2 iguanas (D:4)
  A worker ant (D:4)
  5 adders
  3 gnolls (D:4)
  A shadow imp (D:5)
  2 white imps (D:5)
  An ooze (D:1)
  An adder skeleton (D:4)
  3 worms
  4 dart slugs
  2 leopard geckos
  16 orcs
  A ball python (D:2)
  A bat (D:2)
  2 giant cockroaches
  2 goblins (D:1)
  A hobgoblin (D:2)
  3 frilled lizards
  4 kobolds
  2 rats
74 creatures vanquished.

Notes
Turn   | Place    | Note
-------+----------+-------------------------------------------
     0 | D:1      | EnegeticOcto the Deep Dwarf Fighter began the quest for the
                  | Orb.
     0 | D:1      | Reached XP level 1. HP: 20/20 MP: 1/1
   153 | D:1      | Reached XP level 2. HP: 25/27 MP: 2/2
   345 | D:1      | You fall into a shaft and drop 1 floor!
   522 | D:2      | Reached skill level 3 in Axes
   522 | D:2      | Reached XP level 3. HP: 34/34 MP: 3/3
   648 | D:3      | Reached XP level 4. HP: 42/42 MP: 4/4
   839 | D:4      | Reached skill level 4 in Axes
   839 | D:4      | Reached XP level 5. HP: 38/49 MP: 5/5
   849 | D:4      | Noticed an ogre
   857 | D:4      | Killed an ogre
   857 | D:4      | Reached XP level 6. HP: 40/57 MP: 6/6
   863 | D:4      | Found a burning altar of Makhleb.
   904 | D:4      | Gained mutation: You are resistant to hostile enchantments.
                  | (MR+) [potion of mutation]
   904 | D:4      | Gained mutation: You are weak. (Str -2) [potion of
                  | mutation]
   904 | D:4      | Gained mutation: Your flesh is cold resistant. (rC+)
                  | [potion of mutation]
  1148 | D:4      | Reached skill level 5 in Axes
  1258 | D:4      | Noticed Ijyb
  1265 | D:4      | Killed Ijyb
  1549 | D:5      | Entered Level 5 of the Dungeon
  1579 | D:5      | Reached skill level 5 in Armour
  1579 | D:5      | Reached XP level 7. HP: 43/64 MP: 7/7
  1579 | D:5      | Reached skill level 5 in Shields
  1601 | D:5      | Found a runed translucent gate.
  1601 | D:5      | Found a runed translucent gate.
  1604 | D:5      | Found a runed translucent gate.
  1621 | D:5      | Noticed Grinder
  1633 | D:5      | Reached skill level 6 in Axes
  1651 | D:5      | Killed Grinder
  1672 | D:5      | Found a staircase to the Ecumenical Temple.
  1707 | Temple   | Entered the Ecumenical Temple
  1942 | D:5      | Reached XP level 8. HP: 51/73 MP: 8/8
  1954 | D:5      | Found a sparkling altar of Nemelex Xobeh.
  2024 | D:5      | Reached skill level 7 in Axes
  2136 | D:5      | Noticed Lanoc's ghost (weakling DEDe)
  2247 | D:4      | Quit the game

Illustrated notes

Levels and vault maps discovered:
D:1:      dpeg_arrival_tiny_a, layout_loops_corners, minmay_misc_feat_columns,
          chequers_serial_rivers_micro_a
D:2:      layout_basic, uniq_robin, uniq_sigmund, uniq_natasha
D:3:      layout_basic, gammafunk_temple_overflow_claw, minmay_lizard_king
D:4:      layout_loops_ring, lemuel_altar_in_water, uniq_ijyb
D:5:      layout_rooms, minmay_temple_entry_mist, gammafunk_ghost_necromancy,
          nicolae_sextant, nemelex_altar_shiori, uniq_grinder
Temple:   regret_index_temple_generic_petals

Skill      XL: |  1  2  3  4  5  6  7  8 |
---------------+-------------------------+-----
Fighting       | 3 4 |  4.7
Axes           | 3 4 5 6 7 |  7.1
Armour         | 4 5 |  5.7
Shields        | 4 5 |  5.7

Action                   |  1- 3 |  4- 6 |  7- 9 || total
-------------------------+-------+-------+-------++-------
Melee: War axe           |    82 |       |       ||    82
       Hand axe          |       |   119 |    71 ||   190
 Abil: Heal Wounds       |     3 |     6 |     1 ||    10
  Use: Potion            |       |     3 |     3 ||     6
       Scroll            |       |     2 |     2 ||     4
Armor: Scale mail        |    30 |    43 |    34 ||   107
Dodge: Dodged            |    27 |    47 |    21 ||    95
Block: Kite shield       |    40 |    59 |    27 ||   126

Table legend: (Time is in decaauts)
 A = Elapsed time spent in this place.
 B = Non-inter-level travel time spent in this place.
 C = Inter-level travel time spent in this place.
 D = Time resting spent in this place.
 E = Time spent auto-exploring this place.
 F = Levels seen in this place.
 G = Mean time per level.
                   A        B        C        D        E       F      G
               +--------+--------+--------+--------+--------+-----+--------+
         Total |   2306 |   2131 |    175 |     40 |   1530 |   6 |  384.3 |
       Dungeon |   2107 |   1956 |    151 |     40 |   1357 |   5 |  421.4 |
        Temple |    198 |    174 |     24 |      0 |    173 |   1 |  198.0 |
               +--------+--------+--------+--------+--------+-----+--------+

Top non-repeatable levels by time:
     D:4: 829 daAuts
     D:5: 489 daAuts
     D:1: 354 daAuts
     D:2: 296 daAuts
  Temple: 198 daAuts
     D:3: 137 daAuts
